 Dungeon Crawl Stone Soup version 0.30-b1-2-g02819fbbbe (webtiles) character file.

Game seed: 7063868745292641179

35 diana the Slasher (level 3, -4/28 HPs)
             Began as a Demonspawn Gladiator on June 10, 2023.
             Slain by Natasha (8 damage)
             ... on level 2 of the Dungeon.
             The game lasted 00:01:46 (1030 turns).

diana the Slasher (Demonspawn Gladiator)            Turns: 1030, Time: 00:01:47

Health: -4/28      AC:  5    Str: 16    XL:     3   Next: 17%
Magic:  3/3        EV: 12    Int:  9    God:
Gold:   147        SH:  0    Dex: 14    Spells: 2/2 levels left

rFire   . . .        a - +0 long sword
rCold   . . .        (no shield)
rNeg    + . .        b - +0 leather armour
rPois   .            (helmet restricted)
rElec   .            (no cloak)
rCorr   .            (no gloves)
SInv    .            (no boots)
Will    .....        (no amulet)
Stlth   +            i - ring of positive energy
HPRegen 0.24/turn    (no ring)
MPRegen 0.08/turn

%: no passive effects
@: slowed, very slow
A: antennae 1, icy blue scales 1
a: no special abilities


You were on level 2 of the Dungeon.
You visited 1 branch of the dungeon, and saw 2 of its levels.

You collected 147 gold pieces.

Inventory:

Hand Weapons
 a - a +0 long sword (weapon)
Missiles
 d - 3 throwing nets (quivered)
 e - a javelin
Armour
 b - a +0 leather armour (worn)
 c - a +0 helmet
Jewellery
 i - a ring of positive energy (left hand)
Scrolls
 h - 2 scrolls of identify {unknown}
 j - a scroll of enchant weapon {unknown}
 k - a scroll of teleportation {unknown}
Potions
 f - 3 potions of attraction {unknown}
 g - 4 potions of curing {unknown}
 l - a potion of flight {unknown}
 m - a potion of degeneration {unknown}
 n - a potion of heal wounds {unknown}
 o - a potion of resistance {unknown}


   Skills:
 + Level 2.4 Fighting
 + Level 3.1 Long Blades
 - Level 1.7 Throwing
 + Level 1.1 Armour
 + Level 3.0 Dodging


You had 2 spell levels left.
You didn't know any spells.
Your spell library contained the following spells:

 Spells                   Type           Power      Damage    Failure   Level
 Inner Flame              Hex/Fire       0%         N/A       83%         3
 Yara's Violent Unravell  Hex/Tmut       0%         3d3       100%        5
 Enfeeble                 Hex            0%         N/A       100%        7
 Borgnjor's Revivificati  Necr           0%         N/A       100%        8
 Necromutation            Tmut/Necr      0%         N/A       100%        8
 Death's Door             Necr           0%         N/A       100%        9


Dungeon Overview and Level Annotations

Branches:
Dungeon (2/15)

Altars:

Annotations:
D:2 Natasha


Innate Abilities, Weirdness & Mutations

You have a pair of small antennae on your head.
You are partially covered in icy blue scales. (AC +2)


Message History

Natasha claws you but does no damage.
The cerulean imp hits you but does no damage.
Natasha claws you but does no damage. The cerulean imp closely misses you.
You barely miss Natasha.
Natasha is moderately wounded.
Natasha casts a spell.
The cerulean imp hits you but does no damage.
Natasha barely misses you.
You closely miss Natasha.
Natasha is moderately wounded.
The cerulean imp barely misses you. Natasha closely misses you.
The cerulean imp hits you but does no damage.
The cerulean imp barely misses you. Natasha casts a spell at you.
You feel as though you will be slow longer.
The cerulean imp hits you from afar with a +2 spear.
You barely miss Natasha.
Natasha is moderately wounded.
The cerulean imp hits you from afar with a +1 spear.
Natasha claws you but does no damage.
The cerulean imp hits you but does no damage.
The cerulean imp hits you from afar with a +1 spear.
Natasha stares at you and mumbles some strange words.
You resist with significant effort.
You hit Natasha.
Natasha is severely wounded.
The cerulean imp hits you from afar with a +2 spear.
* * * LOW HITPOINT WARNING * * *
The cerulean imp hits you from afar with a +1 spear.
* * * LOW HITPOINT WARNING * * *
Natasha casts a spell.
The cerulean imp hits you but does no damage.
The cerulean imp barely misses you. Natasha closely misses you.
You hit Natasha.
Natasha is almost dead.
The cerulean imp hits you from afar with a +2 spear.
* * * LOW HITPOINT WARNING * * *
The cerulean imp hits you but does no damage.
Natasha claws you!
You die...

#.## #+# #.....#.# #.#
##...#########.# #.###
##.....## ##.# #.#.##
##.......## ##..#
#####....####.........####...##
............+...5.....+.......#
#####....####..5......####...##
#........# #5.h....######.###
#.##.###.# #.@...# #.......#
#.##..# .# ##...## #.###.#.#
#.###.# # ##'## #.###.#.## #.#
#.##.#######.# ###.#......#
#.###.##.........# #...#.###..#
#.........######.###.......#..#
#####.###.# ###.........#..#..#
###.###.# #......)...###....##
#.....#.# #.#.<.)†...#.#.##..#


You could see Natasha and 3 cerulean imps.

Vanquished Creatures
  A dart slug (D:1)
  A bat (D:2)
  3 endoplasms
  2 giant cockroaches (D:1)
  2 goblins (D:1)
  4 hobgoblins (D:1)
  5 kobolds
  3 quokkas (D:1)
  4 ball pythons
  3 frilled lizards (D:1)
  2 rats (D:1)
30 creatures vanquished.

Notes
Turn   | Place    | Note
-------+----------+-------------------------------------------
     0 | D:1      | diana the Demonspawn Gladiator began the quest for the Orb.
     0 | D:1      | Reached XP level 1. HP: 16/16 MP: 1/1
   182 | D:1      | Gained mutation: You are partially covered in icy blue
                  | scales. (AC +2) [demonic ancestry]
   182 | D:1      | Reached XP level 2. HP: 18/22 MP: 2/2
   457 | D:1      | Reached skill level 1 in Armour
   462 | D:1      | Gained mutation: You have a pair of small antennae on your
                  | head. [demonic ancestry]
   462 | D:1      | Reached XP level 3. HP: 17/28 MP: 3/3
  1016 | D:2      | Noticed Natasha
  1030 | D:2      | Slain by Natasha

Illustrated notes

Levels and vault maps discovered:
D:1:      lightli_arrival_isolated_outpost, layout_loops_ring
D:2:      layout_loops_corners, basic_ecumenical_altar, minmay_hexomino_u4,
          uniq_jessica, uniq_natasha, uniq_crazy_yiuf_cottage

Skill      XL: |  1  2 |
---------------+-------+-----
Long Blades    | 3 |  3.1
Armour         | 1 |  1.1
Dodging        | 3 |  3.0
Fighting       | |  2.4
Throwing       | |  1.7

Action                     || total
---------------------------++-------
  Melee: Long sword        ||    97
 Armour: Leather armour    ||    35
  Dodge: Dodged            ||    92
